Cogmind - Beta 13 @@@ ROGUE MODE // 2024.06.13 @ 22:09:53 Player: Lunace Result: Destroyed by S-43 Plague with Heavy Machine Gun Performance ------------- Evolutions (9) 4500 Regions Visited (27) 5400 Robots Destroyed (296) 1480 Value Destroyed (13996) 13996 Prototype IDs (62) 1240 Alien Tech Used (1) 200 Bonus (10161) 10161 TOTAL SCORE: 36977 Bonus ------- High Alert Combat Kills 3281 Follower Combat Kills 1600 Aligned with FarCom 300 Met Data Miner 300 Met Warlord at Base 500 MAIN.C Attacked Warlord 500 Warlord Defense Kills 714 Built Enhanced Grunts 300 Met R17 at Cetus 500 Met R17 at Research 2000 Met Warlord at Research 2000 Invited to Help at Command 2000 Friendly Fire -3834 Cogmind --------- Core Integrity 0/1600 Matter 277/300 Energy 396/600 System Corruption 18% Temperature Cool (0) Movement Walking (140) Location -1/Command Parts ------- > --- POWER (4) -------- (None) > --- PROPULSION (6) --- Heavy Armored Exoskeleton > --- UTILITY (13) ----- Advanced Energy Well Experimental Targeting Computer Advanced Target Analyzer Experimental Core Analyzer Long-range Tractor Beam > --- WEAPON (3) ------- (None) > --- INVENTORY (5) ---- (None) Peak State ------------ > --- POWER ------------ Quantum Reactor Light Quantum Reactor Light Quantum Reactor Improved Quantum Reactor > --- PROPULSION ------- Biometal Leg Biometal Leg Enhanced Biometal Leg Centrium Leg Centrium Leg Centrium Leg > --- UTILITY ---------- Advanced Coolant Injector Large Storage Unit Experimental Targeting Computer Advanced Target Analyzer Advanced Target Analyzer Experimental Core Analyzer Improved Transmission Jammer Advanced Phase Shifter Centrium Light Armor Plating Centrium Light Armor Plating Improved Energy Mantle System Mapper Trap Reconfigurator > --- WEAPON ----------- Enhanced Nova Cannon Enhanced Nova Cannon Vortex Lance > --- INVENTORY -------- Heavy Armored Exoskeleton Heavy Armored Exoskeleton Advanced Heat Sink Advanced Energy Well Long-range Tractor Beam Enhanced Nova Cannon Enhanced Nova Cannon Advanced Remote Datajack Plasma Lance [Rating: 225] Favorites ----------- Power Quantum Reactor Engine Light Angular Momentum Engine Power Core Enhanced Nuclear Core Reactor Quantum Reactor Propulsion Centrium Heavy Treads Treads Centrium Heavy Treads Leg Improved Titanium Leg Wheel Centrium Wheel Hover Unit Combat Airjet Flight Unit Impulse Thruster Utility Large Storage Unit Device Trap Reconfigurator Storage Large Storage Unit Processor Advanced Signal Interpreter Hackware System Mapper Protection Centrium Medium Armor Plating Weapon Tesla Bomb Launcher Energy Gun Beam Rifle Energy Cannon Enhanced Nova Cannon Ballistic Gun Gauss Rifle Ballistic Cannon Linear Accelerator Launcher Tesla Bomb Launcher Special Weapon RU-N14's Throwing Claymores v3 Impact Weapon Great Maul Slashing Weapon Chainsword Piercing Weapon Vortex Lance Build | -11 -10 -9 -9 -9 -8 -8 -7 -7 -7 -7 -6 -6 -6 -6 -6 -6 -5 -5 -5 -5 -4 -4 -3 -3 -2 -1 -1 ------- Run | Yrd Mat Mat Min Exi Min Mat Fac Low Low Dat Pro Fac Ext Cet Arc Hub Fac Upp Upp War Pro Fac Res Arm Res Acc Com Slots Evolved 18 | . . 2 . . . 2 2 . . . . 2 . . . . 2 . . . . 2 2 . 2 2 . Power 3 | . . . . . . . 1 . . . . . . . . . . . . . . . 1 . . 1 . Propulsion 4 | . . . . . . 2 . . . . . 2 . . . . . . . . . . . . . . . Utility 11 | . . 2 . . . . 1 . . . . . . . . . 2 . . . . 2 1 . 2 1 . Weapon . | . . . . . . . . . . . . . . . . . . . . . . . . . . . . Parts Attached 305 | 7 9 14 4 1 3 14 27 6 7 . 20 12 9 7 . 12 12 4 . 13 . 4 5 38 39 9 29 Power 43 | 1 . 2 . . 1 3 5 . 1 . 2 2 2 . . 4 . . . 1 . . 1 5 7 3 3 Engine 13 | 1 . 2 . . 1 3 2 . . . 1 2 1 . . . . . . . . . . . . . . Core 5 | . . . . . . . 3 . 1 . . . 1 . . . . . . . . . . . . . . Reactor 25 | . . . . . . . . . . . 1 . . . . 4 . . . 1 . . 1 5 7 3 3 Propulsion 72 | 2 5 4 . . . 2 8 . 1 . 3 5 1 . . 4 . . . 2 . . . 10 13 3 9 Treads 24 | . 2 4 . . . 2 4 . . . . . . . . 4 . . . 1 . . . 7 . . . Leg 27 | 2 3 . . . . . 4 . 1 . 1 . . . . . . . . . . . . . 6 3 7 Wheel 3 | . . . . . . . . . . . . . . . . . . . . . . . . 3 . . . Hover 16 | . . . . . . . . . . . 2 5 1 . . . . . . 1 . . . . 7 . . Flight 2 | . . . . . . . . . . . . . . . . . . . . . . . . . . . 2 Utility 113 | 2 2 4 2 1 . 6 9 3 2 . 8 4 3 3 . 2 9 2 . 4 . 2 3 11 15 3 13 Device 71 | 1 1 1 1 1 . 3 7 2 1 . 3 4 3 2 . 1 2 . . 3 . 1 3 10 9 3 9 Storage 5 | 1 . . . . . 1 . . . . 2 . . . . . . . . . . . . . . . 1 Processor 16 | . 1 1 . . . 2 1 . . . 2 . . 1 . . 1 . . . . . . 1 4 . 2 Hackware 3 | . . 1 . . . . 1 . . . . . . . . . . . . 1 . . . . . . . Protection 18 | . . 1 1 . . . . 1 1 . 1 . . . . 1 6 2 . . . 1 . . 2 . 1 Artifact . | . . . . . . . . . . . . . . . . . . . . . . . . . . . . Weapon 77 | 2 2 4 2 . 2 3 5 3 3 . 7 1 3 4 . 2 3 2 . 6 . 2 1 12 4 . 4 Energy Gun 10 | 1 2 4 . . . . . . . . . . . . . 1 . . . . . 1 . 1 . . . Energy Cannon 6 | . . . . . . . . . 1 . . . . . . . . . . . . . . . 2 . 3 Ballistic Gun 12 | 1 . . 1 . 1 2 1 . 1 . 2 . . . . 1 1 . . 1 . . . . . . . Ballistic Cannon 2 | . . . . . . . . . . . . . . . . . . . . . . . . 2 . . . Launcher 24 | . . . 1 . 1 1 2 3 1 . 5 1 2 3 . . 1 1 . . . . . 2 . . . Special Weapon 11 | . . . . . . . . . . . . . . . . . . 1 . 4 . 1 1 3 1 . . Impact Weapon 2 | . . . . . . . . . . . . . 1 1 . . . . . . . . . . . . . Slashing Weapon 3 | . . . . . . . 2 . . . . . . . . . 1 . . . . . . . . . . Piercing Weapon 7 | . . . . . . . . . . . . . . . . . . . . 1 . . . 4 1 . 1 Special Melee Weapon . | . . . . . . . . . . . . . . . . . . . . . . . . . . . . Unidentified Prototypes 26 | . . 2 . . . . . 1 . . 2 . . . . 4 . 1 . 7 . 1 . . 8 . . Corrupted Parts 13 | . . . . . 1 . . . . . 3 . . . . 8 . . . . . 1 . . . . . System Corruption 56 | . . . . . 2 . . . . . 11 . . . . 33 . . . . . 10 . . . . . Parts Lost 83 | . 1 4 . . . 5 3 . 5 . 7 1 2 . . 1 1 1 . . . . . 19 . . 33 Power 12 | . . . . . . 2 . . 1 . 1 . . . . . . . . . . . . 2 . . 6 Propulsion 19 | . . . . . . . 3 . 1 . 3 . . . . 1 . . . . . . . 3 . . 8 Utility 33 | . 1 2 . . . 3 . . 2 . . . 1 . . . 1 . . . . . . 9 . . 14 Weapon 19 | . . 2 . . . . . . 1 . 3 1 1 . . . . 1 . . . . . 5 . . 5 Highest Loss Streak 16 | . 1 4 . . . 4 3 . 2 . 4 1 1 . . 1 1 1 . . . . . 4 . . 16 To Critical Strikes 3 | . . . . . . . . . . . . . . . . . . . . . . . . 1 . . 2 Average Slot Usage (%) 83 | . 99 98 99 77 93 96 98 99 90 64 62 86 94 98 100 86 81 70 66 71 74 77 78 77 88 98 54 Engine 4 | . 14 11 11 11 11 8 6 7 7 7 . 8 11 6 6 5 . . . . . . . . . . . Core 1 | . . . . . . . 8 7 5 . . . . 6 6 5 . . . . . . . . . . . Reactor 4 | . . . . . . . . . . . 5 3 . . . 1 11 11 11 9 5 5 9 10 10 15 6 Treads 9 | . 1 22 22 22 22 36 19 . . . . . . . . 1 16 16 16 16 16 15 13 13 . . . Leg 6 | . 26 . . . . . 9 28 26 21 13 1 . . . . . . . . . . . . 5 23 12 Hover 6 | . . . . . . . . . . . . 29 37 37 37 30 . . . . . . . . 16 . . Device 13 | . 11 14 11 15 17 10 22 23 16 14 4 16 16 10 12 11 10 . . 2 11 14 16 19 24 17 6 Storage 6 | . 14 11 11 11 11 9 7 7 7 7 7 6 6 6 6 6 5 5 5 5 5 5 4 4 4 3 4 Processor 6 | . 2 3 11 11 11 13 6 . . . 6 6 6 11 12 6 3 5 5 5 5 5 4 6 8 15 14 Hackware 1 | . . 7 . . . . . . . . . . . . . . . . . 1 5 5 4 4 4 3 . Protection 6 | . . 6 9 6 . . . 4 6 7 10 . . . . . 16 16 16 15 11 15 13 4 2 7 2 Energy Gun 2 | . 27 21 15 . . . . . . . . . . . . . 5 3 . . . . 4 2 2 . . Ballistic Gun 2 | . . . 3 . 10 11 6 . 3 . 4 . . . . . 4 3 . 1 . . . . . . . Launcher 5 | . . . 3 . 10 6 4 11 10 . 5 11 11 14 18 16 4 4 5 5 5 5 4 . . . . Naked Turns . | . . . . . . . . . . . . . . . . . . . . . . . . . . . . Heaviest Build 153 | 14 17 24 29 18 27 44 54 64 67 45 77 68 66 68 68 84 113 106 96 114 109 120 141 144 126 147 153 Greatest Support 240 | 20 46 46 46 46 46 90 112 80 80 60 88 66 68 68 68 240 240 240 240 240 240 240 240 240 176 176 176 Greatest Overweight (x) 11 | 1 . . . . . . 2 . 1 . 5 3 . . . 1 . . . . . . . 1 1 . 11 Average Overweight (x) . | . . . . . . . . . . . 1 . . . . . . . . . . . . . . . . Largest Inventory Capacity 15 | 8 8 8 8 8 8 15 15 15 15 15 15 15 15 15 15 15 15 15 15 15 15 15 15 15 15 15 15 Average Capacity 14 | 7 8 8 8 8 8 14 15 15 15 15 15 15 15 15 15 15 15 15 15 15 15 15 15 15 15 15 13 Most Carried 15 | 1 8 8 8 8 8 7 15 13 12 14 15 14 13 15 15 15 8 12 12 15 15 14 15 15 15 15 15 Average Carried 11 | . 6 6 5 7 6 3 11 11 10 13 14 11 11 14 14 14 6 10 12 13 15 13 13 11 11 12 9 Final Capacity 15 | 8 8 8 8 8 8 15 15 15 15 15 15 15 15 15 15 15 15 15 15 15 15 15 15 15 15 15 5 Final Carried 15 | 1 8 5 6 8 7 7 12 11 12 14 12 11 11 15 15 7 8 12 12 15 15 13 15 9 12 15 . Class Distribution -------------------- 34% | Mutant 23% | Scavenger-Mutant 15% | Scavenger-Bomber 6% | Hacker-Mutant 6% | Scavenger-Skirmisher 3% | Bomber Dominant Class ---------------- Mutant | -10/Materials Mutant | -9/Materials Mutant | -9/Mines Mutant | -9/Exiles Mutant | -8/Mines Mutant | -8/Materials Mutant | -7/Factory Mutant | -7/Lower Caves Bomber | -7/Lower Caves Mutant | -7/Data Miner Mutant | -6/Proximity Caves Scavenger-Skirmisher | -6/Factory Scavenger-Mutant | -6/Extension Scavenger-Mutant | -6/Cetus Commander-Skirmisher | -6/Archives Commander-Skirmisher | -6/Hub_04(d) Scavenger-Bomber | -5/Factory Scavenger-Bomber | -5/Upper Caves Scavenger-Bomber | -5/Upper Caves Scavenger-Mutant | -5/Warlord Scavenger-Mutant | -4/Proximity Caves Scavenger-Mutant | -4/Factory Scavenger-Bomber | -3/Research Hacker-Mutant | -3/Armory Hacker-Mutant | -2/Research Scavenger-Mutant | -1/Access Scavenger-Mutant | -1/Command Resources | -11 -10 -9 -9 -9 -8 -8 -7 -7 -7 -7 -6 -6 -6 -6 -6 -6 -5 -5 -5 -5 -4 -4 -3 -3 -2 -1 -1 ----------- Run | Yrd Mat Mat Min Exi Min Mat Fac Low Low Dat Pro Fac Ext Cet Arc Hub Fac Upp Upp War Pro Fac Res Arm Res Acc Com Matter Collected 7682 | 277 70 150 57 8 70 367 446 344 284 . 487 478 1426 207 1 79 584 109 . 235 112 95 74 864 569 76 213 Remotely 500 | . . . . . . . . 306 99 . . . . . . . . . . . . . . . . . 95 Salvage Created 13156 | 91 432 592 60 . 208 850 798 172 348 . 549 685 1723 451 177 184 1782 142 . 238 376 238 171 1268 98 607 916 Parts 534 | 11 21 24 2 . 8 60 41 9 22 . 24 37 48 11 5 9 54 5 . 7 11 5 6 48 . 20 46 Haulers Intercepted 9 | . . 2 . . . . 2 . . . . 1 . . . . 1 . . . . 1 . . 2 . . Recyclers Shooed 9 | . 2 2 . . . . 1 . . . . 1 2 . . . 1 . . . . . . . . . . Parts Field Recycled . | . . . . . . . . . . . . . . . . . . . . . . . . . . . . Retrieved Matter . | . . . . . . . . . . . . . . . . . . . . . . . . . . . . Parts Self-Destructed 38 | . . . . . . . . 12 5 . 17 . . . . . . 2 . . 2 . . . . . . Prevented 31 | . . . . . . . . 2 10 . 8 . . . . . . 4 . . 7 . . . . . . Kills | -11 -10 -9 -9 -9 -8 -8 -7 -7 -7 -7 -6 -6 -6 -6 -6 -6 -5 -5 -5 -5 -4 -4 -3 -3 -2 -1 -1 ------- Run | Yrd Mat Mat Min Exi Min Mat Fac Low Low Dat Pro Fac Ext Cet Arc Hub Fac Upp Upp War Pro Fac Res Arm Res Acc Com Combat Hostiles Destroyed 225 | . 5 8 1 . 3 18 7 3 10 . 17 12 26 6 2 3 21 2 . 5 11 3 2 40 . 7 13 Melee 13 | . . . . . . . 1 . . . . . . . . . 1 . . . . . . 9 . . 2 Guns 34 | . 4 7 1 . . 9 2 . . . 3 . . . . . 2 2 . . . . . 4 . . . Cannons 30 | . . . . . . . . . . . 1 . . . . . . . . 1 . . 2 9 . 7 10 AOE 111 | . . . . . 1 9 2 3 9 . 11 12 25 . . 2 8 . . 4 9 2 . 14 . . . Classes Destroyed 23 | 1 4 4 . . . 3 2 . 2 . 2 . 1 . . . 1 . . 1 . . . . . . 2 Worker 4 | . . 1 . . 1 . 2 . . . . . . . . . . . . . . . . . . . . Builder 12 | . . . . . . 3 2 . . . . 2 4 . . . 1 . . . . . . . . . . Tunneler 6 | 4 . . . . . . . . . . . . . . . . . . . . . . 2 . . . . Hauler 9 | . . 2 . . . . 2 . . . . 1 . . . . 1 . . . . 1 . . 2 . . Recycler 11 | . 2 1 . . . . 2 . . . . 1 4 . . . 1 . . . . . . . . . . Mechanic 3 | . . 1 . . . . . . . . . . 1 . . . 1 . . . . . . . . . . Operator 6 | . 2 . . . . 1 . . . . . 1 2 . . . . . . . . . . . . . . Watcher 13 | . 2 . . . . 1 2 . . . . . 3 2 . . 1 . . . . . . 1 . 1 . Swarmer 48 | . . . . . . 7 . . 7 . 11 4 1 . . . 3 . . . 8 . . 7 . . . Saboteur 1 | . . . . . . . . . . . . . . . . . 1 . . . . . . . . . . Grunt 71 | . 5 6 1 . 3 5 3 2 2 . 1 5 10 . . 2 11 . . 1 . 1 . 10 . 2 1 Brawler 8 | . . . . . . 3 . 1 . . . . 3 . . . 1 . . . . . . . . . . Duelist 5 | . . . . . . . . . . . . . 1 . . . 1 . . . . . . 3 . . . Protector 3 | . . . . . . . . . . . 1 . . . . . . . . 1 . . . 1 . . . Sentry 25 | . . 2 . . . 3 1 . . . . 2 4 . 2 1 1 1 . . 1 . 2 4 . 1 . Demolisher 7 | . . . . . . . . . . . 4 2 . . . . . . . . . . . 1 . . . Hunter 25 | . . . . . . . 1 . . . . . 3 . . . 3 1 . . 2 2 . 8 . 2 3 Programmer 18 | . . . . . . . 2 . . . . 1 . . . . . . . 2 . . . 6 . 2 5 Behemoth 3 | . . . . . . . . . 1 . . . 2 . . . . . . . . . . . . . . Cetus Guard 6 | . . . . . . . . . . . . . . 6 . . . . . . . . . . . . . Enhanced Grunt 1 | . . . . . . . . . . . . . . . . . 1 . . . . . . . . . . Striker 2 | . . . . . . . . . . . . . . . . . . . . 1 . . . . . . 1 Executioner 2 | . . . . . . . . . . . . . . . . . . . . . . . . . . . 2 Alpha 7 1 | . . . . . . . . . . . . . . . . . . . . . . . . . . . 1 Samaritan 1 | . . . . . . . . . 1 . . . . . . . . . . . . . . . . . . Thug 1 | . . . . . . . . . . . . . 1 . . . . . . . . . . . . . . Savage 1 | . . . . . . . . . . . . . 1 . . . . . . . . . . . . . . Butcher 1 | . . . . . . . . . . . . . 1 . . . . . . . . . . . . . . Guerrilla 2 | . . . . . . . . . . . . . 2 . . . . . . . . . . . . . . Best Kill Streak 15 | 2 7 8 1 . 4 13 7 3 4 . 5 5 7 5 2 2 9 1 . 4 4 4 2 15 1 2 4 Combat Bots Only 14 | . 2 4 1 . 3 5 2 3 4 . 5 4 6 4 2 2 9 1 . 4 4 3 1 14 . 2 4 Max Kills in Single Turn 5 | 2 1 1 1 . 1 3 2 2 4 . 2 4 4 2 1 1 3 1 . 3 3 1 1 5 1 1 1 Gunslinging 1 | . . . . . . 1 . . . . . . . . . . . . . . . . . . . . . Exploded 4 | . . . . . 1 2 1 2 4 . 2 4 3 . . 1 2 . . 2 3 1 . 4 . . . Melee 1 | . . . . . . . 1 . . . . . . . . . 1 . . . . . . 1 . . 1 Uniques/NPCs Destroyed 1 | . . . . . . . . . . . . . . 1 . . . . . . . . . . . . . A7 (-6/Cetus) Combat | -11 -10 -9 -9 -9 -8 -8 -7 -7 -7 -7 -6 -6 -6 -6 -6 -6 -5 -5 -5 -5 -4 -4 -3 -3 -2 -1 -1 -------- Run | Yrd Mat Mat Min Exi Min Mat Fac Low Low Dat Pro Fac Ext Cet Arc Hub Fac Upp Upp War Pro Fac Res Arm Res Acc Com Hostile Shots Fired 1768 | . 27 78 7 . 13 61 74 11 78 . 52 18 53 22 3 18 125 12 . 1 22 8 5 427 30 61 562 Missed 561 | . 12 26 3 . 7 18 24 3 22 . 15 7 32 12 1 10 25 5 . 1 8 1 2 105 20 22 180 Damage Taken 22842 | 11 203 661 83 . 104 831 651 310 1054 . 978 196 346 179 46 108 2466 192 34 39 127 107 55 5038 287 505 8231 Core 2821 | . . 120 . . 19 52 88 13 62 . 18 22 9 52 . 24 286 . . . . 18 15 355 49 59 1560 Absorbed by Shields 3183 | . . . . . . 32 . . . . . . 73 96 . . . . . 37 117 103 52 1711 . 488 474 Reduced by Siege Mode 280 | . . . . . . . . . . . . . . . . . 134 . . . 3 3 . 140 . . . Ignored by Resistances 188 | . . . . . . . . . . . . . . . . . . . . . . . . 188 . . . Regen/Repaired (Parts) 382 | . . . . . . . . . . . . . . . . . . . . 382 . . . . . . . Core Remaining (%) 85 | 100 100 . . . 65 90 . . . . 74 . . . . 87 . . . . 71 98 . 71 96 . . Volleys Fired 633 | 12 30 45 5 . 5 42 29 9 16 . 48 21 80 6 4 5 40 7 1 4 16 8 8 114 4 34 40 Largest 3 | 2 2 2 2 . 1 2 2 2 3 . 3 1 2 3 2 2 3 3 1 1 2 2 3 3 1 2 3 Hottest 360 | 60 112 112 101 . 39 67 78 82 162 . 147 46 92 137 92 92 240 161 . 46 46 46 72 136 75 240 360 Shots Fired 966 | 24 59 90 11 . 5 53 45 12 41 . 73 21 91 14 8 10 49 17 2 4 19 10 14 156 4 67 67 Gun 384 | 24 59 90 11 . . 37 27 . 12 . 35 . . . . . 21 12 . . . . 8 44 4 . . Cannon 193 | . . . . . . . . . 8 . 7 . . . . . . . . . . . . 44 . 67 67 Launcher 323 | . . . . . 5 16 18 12 21 . 31 21 91 14 8 10 28 5 1 3 16 8 2 13 . . . Special 66 | . . . . . . . . . . . . . . . . . . . 1 1 3 2 4 55 . . . Kinetic 189 | 12 . . . . . 37 27 . 12 . 35 . . . . . 16 6 . . . . . 44 . . . Thermal 370 | . 59 90 5 . . . . . 8 . 7 . . . . . 5 6 . . . . 8 44 4 67 67 Explosive 103 | . . . . . . . . 8 4 . 9 11 46 3 . 1 . . . 1 3 2 4 11 . . . Electromagnetic 259 | 12 . . 6 . 5 16 18 4 17 . 22 10 45 11 8 9 28 5 1 3 16 8 2 13 . . . Robot Hit Streak 25 | 8 9 15 8 . 3 11 9 5 12 . 7 8 11 . 3 7 7 9 10 12 5 6 11 25 4 16 11 Robot Miss Streak 7 | 2 6 2 1 . 2 7 5 2 2 . 6 7 1 . 1 2 3 1 . . 2 1 . 4 2 5 2 Penetration Max 1 | . . . . . . 1 . . . . . . . . . . . . . . . . . . . . . Secondary Targets 2 | . . 1 . . . 1 . . . . . . . . . . . . . . . . . . . . . Max Gunslinging Chain 1 | . . 1 . . . 1 . . . . . . . . . . . . . . . . . . . . . Shots Hit Robots 587 | 15 38 61 9 . 3 36 35 5 27 . 39 8 13 8 3 5 37 11 1 2 9 3 10 104 9 37 59 Core Hits 537 | 5 16 20 3 . 4 42 33 6 18 . 49 34 84 24 2 10 35 3 . 7 13 6 9 76 1 15 22 Critical Kills 4 | . . . . . . . . . . . 1 . . . . . 1 1 . . . . . . . . 1 Critical Parts Destroyed 4 | . . . . . . 1 . . . . . . . 1 . . 2 . . . . . . . . . . Critical Strikes 35 | 1 4 5 . . . 1 . . . . 1 . . 1 . . 3 1 . . . . 2 12 . . 4 Burn 12 | . 4 5 . . . . . . . . . . . . . . . . . . . . 1 2 . . . Meltdown 2 | . . . . . . . . . . . 1 . . . . . . . . . . . . . . . 1 Destroy 5 | . . . . . . 1 . . . . . . . . . . 3 1 . . . . . . . . . Blast 1 | . . . . . . . . . . . . . . . . . . . . . . . . 1 . . . Corrupt 1 | 1 . . . . . . . . . . . . . . . . . . . . . . . . . . . Smash 1 | . . . . . . . . . . . . . . 1 . . . . . . . . . . . . . Sever 1 | . . . . . . . . . . . . . . . . . . . . . . . 1 . . . . Sunder 12 | . . . . . . . . . . . . . . . . . . . . . . . . 9 . . 3 Melee Attacks 94 | . . . . . . . 5 10 . . . . 2 8 . . 6 . . . . . . 41 9 . 13 Impact 10 | . . . . . . . . . . . . . 2 8 . . . . . . . . . . . . . Slashing 21 | . . . . . . . 5 10 . . . . . . . . 6 . . . . . . . . . . Piercing . | . . . . . . . . . . . . . . . . . . . . . . . . . . . . Entropic 63 | . . . . . . . . . . . . . . . . . . . . . . . . 41 9 . 13 Sneak Attacks 13 | . . . . . . . 2 . . . . . 1 8 . . . . . . . . . . 2 . . Combat Hostiles . | . . . . . . . . . . . . . . . . . . . . . . . . . . . . Follow-up Attacks . | . . . . . . . . . . . . . . . . . . . . . . . . . . . . Damage Inflicted 40683 | 227 582 927 175 . 293 1631 1330 292 1178 . 1650 1933 6988 2028 412 447 3030 313 . 715 1225 789 616 8354 820 1684 3044 Guns 5026 | 185 582 927 175 . . 615 405 . 159 . 396 . . . . . 370 213 . . . . 95 839 65 . . Cannons 5741 | . . . . . . . . . 188 . 101 . . . . . . . . . . . . 1515 . 1684 2253 Explosions 24714 | 42 . . . . 293 1016 663 292 831 . 1153 1933 6925 1455 412 447 2546 100 . 662 1109 686 334 3815 . . . Melee 4383 | . . . . . . . 262 . . . . . 63 573 . . 114 . . . . . . 1847 755 . 769 Ramming 34 | . . . . . . . . . . . . . . . . . . . . . . . . 12 . . 22 Kinetic 3474 | 54 . . . . . 615 405 . 159 . 396 . . . . . 217 113 . . . . . 1515 . . . Thermal 8166 | 42 582 927 72 . . 102 98 54 188 . 149 242 249 . . . 199 100 . . 25 . 95 1040 65 1684 2253 Explosive 11208 | . . . . . . . . 107 483 . 459 1256 4393 418 . 31 . . . 304 354 354 221 2828 . . . Electromagnetic 12633 | 131 . . 103 . 293 914 565 131 348 . 646 435 2283 1037 412 416 2500 100 . 358 730 332 113 786 . . . Impact 636 | . . . . . . . . . . . . . 63 573 . . . . . . . . . . . . . Slashing 1161 | . . . . . . . 262 . . . . . . . . . 114 . . 53 116 103 187 326 . . . Piercing . | . . . . . . . . . . . . . . . . . . . . . . . . . . . . Entropic 3371 | . . . . . . . . . . . . . . . . . . . . . . . . 1847 755 . 769 Highest Corruption 33 | . . 5 5 5 7 10 2 3 4 4 15 . . . . 33 3 4 4 4 . 11 . 14 . 4 18 Average Corruption 5 | . . 5 5 5 5 9 2 2 3 4 4 . . . . 22 1 4 4 4 . 1 . 12 . 3 9 Corruption Purged . | . . . . . . . . . . . . . . . . . . . . . . . . . . . . Corruption Blocked 31 | . . . . . . . . . . . . . . . . . . . . . . . . . 31 . . Effects 204 | . . 1 9 8 5 9 2 11 12 2 44 . . . . 1 8 9 16 1 . 1 . 37 . 6 22 Message Errors 43 | . . . 2 4 2 1 . 2 3 . 8 . . . . . 2 1 5 1 . . . 6 . 1 5 Matter Fused 53 | . . . 3 2 1 2 1 2 1 1 9 . . . . . 4 3 6 . . 1 . 12 . 2 3 Heat Flow Errors 30 | . . 1 1 . . 1 . . 2 . 12 . . . . . . 2 2 . . . . 5 . . 4 Energy Discharges 18 | . . . . . . 3 . 3 . . 5 . . . . 1 . 1 . . . . . 1 . 1 3 Parts Rejected 6 | . . . . . . . . . . . . . . . . . . . . . . . . 5 . . 1 Parts Fused 3 | . . . . . . . . . 1 . 1 . . . . . . . . . . . . 1 . . . Data Loss (minor) 16 | . . . . 2 . 2 . 2 2 1 3 . . . . . 1 . . . . . . 1 . . 2 Data Loss (major) 11 | . . . 1 . 1 . 1 . 1 . 4 . . . . . . . 1 . . . . 1 . . 1 Misfires 7 | . . . 1 . . . . . 2 . . . . . . . 1 . 1 . . . . 2 . . . Alerts 5 | . . . 1 . 1 . . . . . . . . . . . . 1 1 . . . . . . 1 . Misdirections 1 | . . . . . . . . . . . . . . . . . . . . . . . . . . . 1 Weapon Failures 11 | . . . . . . . . 2 . . 2 . . . . . . 1 . . . . . 3 . 1 2 Overload Shots 7 | . . . . . . . . . . . . . . . . . 1 . . . . . 4 2 . . . Overflow Damage 1527 | . . . . . . 4 45 . 10 . 13 55 309 189 7 . 103 26 . 38 37 45 . 300 124 56 166 Projectiles 264 | . . . . . . . . . 10 . . . . . . . . . . 13 . . . 85 . 56 100 Explosions 835 | . . . . . . 4 9 . . . 13 55 276 97 7 . 100 26 . 25 37 45 . 141 . . . Melee 428 | . . . . . . . 36 . . . . . 33 92 . . 3 . . . . . . 74 124 . 66 Knockbacks 16 | . . . . . . . . . . . . . . 4 . . . . . . . . . 12 . . . Impact 4 | . . . . . . . . . . . . . . 4 . . . . . . . . . . . . . Kinetic 12 | . . . . . . . . . . . . . . . . . . . . . . . . 12 . . . Secondary . | . . . . . . . . . . . . . . . . . . . . . . . . . . . . Self-Inflicted Damage 1039 | 11 . . . . . 39 6 138 156 . 72 114 138 11 . 18 128 40 34 . 19 67 29 12 . . 7 Shots 52 | 1 . . . . . 3 3 5 7 . 2 6 8 1 . 1 5 2 1 . 1 4 1 1 . . . Rammed 6 | . . . . . . . . . . . . . . . . . . . . . . . . 1 . . 5 Targets Rammed 8 | . . . . . . . . . . . . . . . . . . . . . . . . 1 . . 7 Kicked 2 | . . . . . . . . . . . . . . . . . . . . . . . . . . . 2 Crushed . | . . . . . . . . . . . . . . . . . . . . . . . . . . . . Highest Temperature 923 | 52 273 180 125 . 23 79 63 54 314 . 330 2 27 148 77 80 519 339 256 . . . . 241 60 372 923 Average Temperature 118 | 21 100 40 43 . 9 22 19 20 131 . 117 2 16 61 32 39 156 148 94 . . . . 79 28 120 207 Received Heat Transfer 2139 | . 108 303 63 . 54 187 294 54 144 . 12 30 42 . 9 30 321 9 . 14 . 10 8 355 . 20 72 Effects 41 | . . . . . . . . . . . 1 . . . . . 11 6 1 . . . . 1 . . 21 Shutdowns 12 | . . . . . . . . . . . 1 . . . . . 2 . . . . . . . . . 9 Energy Bleed 5 | . . . . . . . . . . . . . . . . . 3 2 . . . . . . . . . Interference 10 | . . . . . . . . . . . . . . . . . 3 4 1 . . . . 1 . . 1 Matter Decay 2 | . . . . . . . . . . . . . . . . . 1 . . . . . . . . . 1 Short Circuit 2 | . . . . . . . . . . . . . . . . . 1 . . . . . . . . . 1 Damage (major) 8 | . . . . . . . . . . . . . . . . . . . . . . . . . . . 8 Damage (core) 2 | . . . . . . . . . . . . . . . . . 1 . . . . . . . . . 1 Siege Activations 13 | . . . . . . . . . . . . . . . . . 3 1 . . 1 1 1 6 . . . Total Turns 209 | . . . . . . . . . . . . . . . . . 57 3 . . 6 8 4 131 . . . Longest Duration 38 | . . . . . . . . . . . . . . . . . 31 3 . . 6 8 4 38 . . . Robots Corrupted 36 | . . . . . 2 . 2 . 1 . 1 . 3 8 2 1 12 . . . 2 1 . 1 . . . Combat Hostiles 30 | . . . . . 2 . 2 . 1 . 1 . 1 6 2 1 10 . . . 2 1 . 1 . . . Parts Fried 85 | . . . . . 3 2 4 . 3 . 8 5 15 5 3 3 22 1 . 2 4 4 . 1 . . . Impact Corruptions 4 | . . . . . . . . . . . . . 1 3 . . . . . . . . . . . . . Robots Melted 5 | . 1 2 . . . . . . . . 1 . . . . . . . . . . . . . . . 1 Combat Hostiles 4 | . 1 1 . . . . . . . . 1 . . . . . . . . . . . . . . . 1 Parts Melted 31 | . 3 11 . . . . . . . . 1 . . . . . . . . . . . . 4 . 5 7 Heat Transferred 11682 | 50 1776 2738 185 . . 90 100 50 350 . 200 150 200 . . . 161 111 . . 50 . 300 2010 150 1369 1642 Parts Sabotaged . | . . . . . . . . . . . . . . . . . . . . . . . . . . . . Parts Stolen . | . . . . . . . . . . . . . . . . . . . . . . . . . . . . Parts Stripped . | . . . . . . . . . . . . . . . . . . . . . . . . . . . . Power Chain Reactions 17 | 1 . . . . . 3 2 1 1 . 1 . 4 . . . 1 . . 1 1 . . 1 . . . Alert | -11 -10 -9 -9 -9 -8 -8 -7 -7 -7 -7 -6 -6 -6 -6 -6 -6 -5 -5 -5 -5 -4 -4 -3 -3 -2 -1 -1 ------- Run | Yrd Mat Mat Min Exi Min Mat Fac Low Low Dat Pro Fac Ext Cet Arc Hub Fac Upp Upp War Pro Fac Res Arm Res Acc Com Peak Influence 1391 | 20 229 318 123 . 75 499 215 . . . . 394 1307 1139 717 922 1017 . . . . 318 370 1391 759 530 624 Initial 727 | . 13 96 45 . . 29 88 . . . . . 192 668 455 250 451 . . . . 157 166 91 727 264 320 Average 469 | 8 142 177 94 . 28 109 103 . . . . 127 953 977 650 665 741 . . . . 230 230 953 600 395 448 Maximum Alert Level 4 | . 1 1 . . . 2 1 . . . . 1 4 4 3 3 3 . . . . 1 1 4 3 2 2 Low Security (%) 38 | 100 68 58 100 . 100 85 96 . . . . 63 . . . . . . . . . 49 59 16 . . . Level 1 15 | . 31 41 . . . 5 3 . . . . 36 9 . . 34 . . . . . 50 40 1 . 61 43 Level 2 16 | . . . . . . 9 . . . . . . 10 2 38 7 52 . . . . . . 1 63 38 56 Level 3 16 | . . . . . . . . . . . . . 32 59 61 58 47 . . . . . . 23 36 . . Level 4 12 | . . . . . . . . . . . . . 47 37 . . . . . . . . . 56 . . . Level 5 . | . . . . . . . . . . . . . . . . . . . . . . . . . . . . High Security . | . . . . . . . . . . . . . . . . . . . . . . . . . . . . Max Security . | . . . . . . . . . . . . . . . . . . . . . . . . . . . . Squads Dispatched 46 | . 1 1 1 . . 5 6 . . . . 3 3 1 . 2 5 . . . . 1 2 6 1 3 5 Investigation 8 | . . . 1 . . 1 3 . . . . . . 1 . . . . . . . . . 1 . . 1 Extermination 9 | . . . . . . . 2 . . . . 2 . . . . . . . . . . . 2 . 1 2 Reinforcement 20 | . 1 1 . . . 1 1 . . . . 1 2 . . 2 3 . . . . 1 2 1 1 2 1 Assault 7 | . . . . . . 1 . . . . . . 1 . . . 2 . . . . . . 2 . . 1 Garrison 2 | . . . . . . 2 . . . . . . . . . . . . . . . . . . . . . Intercept . | . . . . . . . . . . . . . . . . . . . . . . . . . . . . Searches Triggered . | . . . . . . . . . . . . . . . . . . . . . . . . . . . . Construction Impeded 5 | . . . . . . 1 1 . . . . 1 1 . . . 1 . . . . . . . . . . Haulers Reinforced 6 | . . . . . . . . . . . . . . . . 1 2 . . . . 1 1 . . 1 . Active Scanning Responses . | . . . . . . . . . . . . . . . . . . . . . . . . . . . . Cargo Convoy Interrupts . | . . . . . . . . . . . . . . . . . . . . . . . . . . . . Stealth | -11 -10 -9 -9 -9 -8 -8 -7 -7 -7 -7 -6 -6 -6 -6 -6 -6 -5 -5 -5 -5 -4 -4 -3 -3 -2 -1 -1 --------- Run | Yrd Mat Mat Min Exi Min Mat Fac Low Low Dat Pro Fac Ext Cet Arc Hub Fac Upp Upp War Pro Fac Res Arm Res Acc Com Distress Signals 29 | . 1 2 . . . . . . . . 5 . 3 2 . 1 . . . . . . 3 5 4 3 . Communications Jammed 53 | . . . . . . . . . . . . . . . . . . . . . . . . 46 . 7 . Distress Signals 53 | . . . . . . . . . . . . . . . . . . . . . . . . 46 . 7 . Times Spotted 370 | . 14 14 3 . 3 21 15 3 12 . 27 5 22 13 6 13 31 3 . 27 7 3 2 69 11 13 33 Peak Tracking Total 12 | . 4 7 3 . 3 5 5 3 4 . 6 3 4 5 2 5 9 1 . 11 4 3 1 10 2 4 12 Tactical Retreats 36 | . 1 . . . . . 3 . 2 . . . 4 . . 1 1 1 . . . 1 . 11 2 4 5 Traps | -11 -10 -9 -9 -9 -8 -8 -7 -7 -7 -7 -6 -6 -6 -6 -6 -6 -5 -5 -5 -5 -4 -4 -3 -3 -2 -1 -1 ------- Run | Yrd Mat Mat Min Exi Min Mat Fac Low Low Dat Pro Fac Ext Cet Arc Hub Fac Upp Upp War Pro Fac Res Arm Res Acc Com Traps Triggered 12 | . . . . . . 1 2 . . . . . 2 . . . 1 . . 1 . . . 3 . 1 1 Indirectly 5 | . . . . . . . 1 . . . . . 2 . . . 1 . . 1 . . . . . . . Trap Hack Attempts . | . . . . . . . . . . . . . . . . . . . . . . . . . . . . Triggered . | . . . . . . . . . . . . . . . . . . . . . . . . . . . . Disarmed . | . . . . . . . . . . . . . . . . . . . . . . . . . . . . Reprogrammed . | . . . . . . . . . . . . . . . . . . . . . . . . . . . . Reused 24 | . . . . . . . 7 1 3 . . . . . . 2 1 . . . . . . 3 . . 7 Traps Reconfigurated 96 | . . . . . . 2 32 . . . . 6 14 . . 9 9 . . . . . 6 5 . . 13 Traps Extracted 21 | . . . . . . . 18 . 2 . . . 1 . . . . . . . . . . . . . . Installed 19 | . . . . . . . 12 1 6 . . . . . . . . . . . . . . . . . . Triggered 39 | . . . . . . . 8 1 3 . 1 . . . . 2 1 2 . 11 . . . 3 . . 7 Most Traps Carried 11 | . . . . . . . 11 5 4 . . . 1 1 . . . . . . . . . . . . . Time Bombs Activated 2 | . . . . . . . . . . . . . . . . . . . . . . . . 1 1 . . Exploded 2 | . . . . . . . . . . . . . . . . . . . . . . . . 1 1 . . Machines | -11 -10 -9 -9 -9 -8 -8 -7 -7 -7 -7 -6 -6 -6 -6 -6 -6 -5 -5 -5 -5 -4 -4 -3 -3 -2 -1 -1 ---------- Run | Yrd Mat Mat Min Exi Min Mat Fac Low Low Dat Pro Fac Ext Cet Arc Hub Fac Upp Upp War Pro Fac Res Arm Res Acc Com Machines Disabled 63 | . . . . . . 3 7 . . . 2 8 15 . 4 3 2 1 . . . 1 . 15 . 1 1 Max in Single Turn 3 | . . . . . . 1 2 . . . 2 3 2 . 2 1 1 1 . . . 1 . 2 . 1 1 Garrison Access 3 | . . . . . . 1 1 . . . . 1 . . . . . . . . . . . . . . . Energy Cycler 2 | . . . . . . . . . . . . . . . . . . . . . . . . 1 . 1 . Machines Repaired . | . . . . . . . . . . . . . . . . . . . . . . . . . . . . Machines Dismantled . | . . . . . . . . . . . . . . . . . . . . . . . . . . . . Machines Sabotaged . | . . . . . . . . . . . . . . . . . . . . . . . . . . . . Overloaded Fab Kills . | . . . . . . . . . . . . . . . . . . . . . . . . . . . . Hacking | -11 -10 -9 -9 -9 -8 -8 -7 -7 -7 -7 -6 -6 -6 -6 -6 -6 -5 -5 -5 -5 -4 -4 -3 -3 -2 -1 -1 --------- Run | Yrd Mat Mat Min Exi Min Mat Fac Low Low Dat Pro Fac Ext Cet Arc Hub Fac Upp Upp War Pro Fac Res Arm Res Acc Com Machines Accessed 56 | . 1 3 1 2 . 3 10 1 . 4 . 5 6 2 . 8 . . . 4 . . 2 1 . 2 1 Terminals 32 | . 1 3 . . . 3 5 . . . . 1 5 2 . 8 . . . . . . 2 . . 1 1 Fabricators 6 | . . . . . . . 3 . . . . 1 . . . . . . . . . . . 1 . 1 . Repair Stations . | . . . . . . . . . . . . . . . . . . . . . . . . . . . . Recycling Units 4 | . . . . . . . 1 . . . . 2 1 . . . . . . . . . . . . . . Scanalyzers . | . . . . . . . . . . . . . . . . . . . . . . . . . . . . Garrison Access 2 | . . . . . . . 1 . . . . 1 . . . . . . . . . . . . . . . Total Hacks 141 | . 2 9 1 2 . 13 22 1 . 26 . 9 10 5 . 19 . . . 7 . . 5 4 . 3 3 Successful 77 | . . 6 1 2 . 6 11 1 . 26 . 2 3 1 . 7 . . . 7 . . 1 3 . . . Failed 64 | . 2 3 . . . 7 11 . . . . 7 7 4 . 12 . . . . . . 4 1 . 3 3 Catastrophic 15 | . . . . . . 3 1 . . . . 1 3 2 . 2 . . . . . . . . . 2 1 Database Lockouts . | . . . . . . . . . . . . . . . . . . . . . . . . . . . . Manual 64 | . 2 9 . 1 . 13 8 . . . . 4 5 1 . 14 . 1 . 1 . . 3 2 . . . Terminals 80 | . 2 9 . . . 13 11 . . . . 4 8 5 . 19 . . . . . . 5 . . 1 3 Fabricators 16 | . . . . . . . 8 . . . . 2 . . . . . . . . . . . 4 . 2 . Repair Stations . | . . . . . . . . . . . . . . . . . . . . . . . . . . . . Recycling Units 6 | . . . . . . . 2 . . . . 2 2 . . . . . . . . . . . . . . Scanalyzers . | . . . . . . . . . . . . . . . . . . . . . . . . . . . . Garrison Access 2 | . . . . . . . 1 . . . . 1 . . . . . . . . . . . . . . . Terminal Hacks 47 | . . 2 1 2 . 3 . 1 . 26 . . 1 1 . 2 . . . 7 . . 1 . . . . Record 15 | . . . . 1 . . . . . 8 . . . . . . . . . 6 . . . . . . . Part Schematic 11 | . . 1 . . . . . . . 10 . . . . . . . . . . . . . . . . . Robot Schematic 5 | . . . . . . . . . . 5 . . . . . . . . . . . . . . . . . Prototype ID Bank 3 | . . . . . . . . . . 3 . . . . . . . . . . . . . . . . . Open Door 5 | . . . 1 . . . . 1 . . . . 1 1 . . . . . 1 . . . . . . . Branch Access Points 1 | . . 1 . . . . . . . . . . . . . . . . . . . . . . . . . Terminal Index 1 | . . . . . . . . . . . . . . . . 1 . . . . . . . . . . . Unreport Threat 3 | . . . . . . 2 . . . . . . . . . 1 . . . . . . . . . . . Locate Traps 2 | . . . . . . 1 . . . . . . . . . . . . . . . . 1 . . . . Derelict Proto ID Bank 1 | . . . . 1 . . . . . . . . . . . . . . . . . . . . . . . Fabricator Hacks 8 | . . . . . . . 6 . . . . . . . . . . . . . . . . 2 . . . Network Status 2 | . . . . . . . 1 . . . . . . . . . . . . . . . . 1 . . . Load Schematic 4 | . . . . . . . 3 . . . . . . . . . . . . . . . . 1 . . . Build 2 | . . . . . . . 2 . . . . . . . . . . . . . . . . . . . . Repair Station Hacks . | . . . . . . . . . . . . . . . . . . . . . . . . . . . . Recycling Unit Hacks 2 | . . . . . . . 1 . . . . 1 . . . . . . . . . . . . . . . Retrieve Components 2 | . . . . . . . 1 . . . . 1 . . . . . . . . . . . . . . . Scanalyzer . | . . . . . . . . . . . . . . . . . . . . . . . . . . . . Garrison Access Hacks 2 | . . . . . . . 1 . . . . 1 . . . . . . . . . . . . . . . Seal Access 2 | . . . . . . . 1 . . . . 1 . . . . . . . . . . . . . . . Unauthorized Hacks 18 | . . 4 . . . 3 3 . . . . . 2 . . 5 . . . . . . . 1 . . . Terminals 16 | . . 4 . . . 3 2 . . . . . 2 . . 5 . . . . . . . . . . . Assimilate 1 | . . . . . . 1 . . . . . . . . . . . . . . . . . . . . . Botnet 13 | . . 3 . . . 2 2 . . . . . 1 . . 5 . . . . . . . . . . . Operators 2 | . . 1 . . . . . . . . . . 1 . . . . . . . . . . . . . . Fabricators 2 | . . . . . . . 1 . . . . . . . . . . . . . . . . 1 . . . Recompile 2 | . . . . . . . 1 . . . . . . . . . . . . . . . . 1 . . . Repair Stations . | . . . . . . . . . . . . . . . . . . . . . . . . . . . . Recycling Units . | . . . . . . . . . . . . . . . . . . . . . . . . . . . . Scanalyzers . | . . . . . . . . . . . . . . . . . . . . . . . . . . . . Garrison Access . | . . . . . . . . . . . . . . . . . . . . . . . . . . . . Data Cores Recovered 1 | . 1 . . . . . . . . . . . . . . . . . . . . . . . . . . Used . | . . . . . . . . . . . . . . . . . . . . . . . . . . . . Hacking Detections 40 | . 1 3 . . . 3 8 . . . . 4 6 1 . 8 . . . . . . 2 1 . 2 1 Full Trace Events 4 | . . . . . . . 2 . . . . . . 1 . . . . . . . . . . . . 1 Feedback Events . | . . . . . . . . . . . . . . . . . . . . . . . . . . . . Feedback Blocked . | . . . . . . . . . . . . . . . . . . . . . . . . . . . . Robot Schematics Acquired 5 | . . . . . . . . . . 5 . . . . . . . . . . . . . . . . . Robots Built . | . . . . . . . . . . . . . . . . . . . . . . . . . . . . Authchips . | . . . . . . . . . . . . . . . . . . . . . . . . . . . . Time . | . . . . . . . . . . . . . . . . . . . . . . . . . . . . Total Robot Build Rating . | . . . . . . . . . . . . . . . . . . . . . . . . . . . . Part Schematics Acquired 11 | . . 1 . . . . . . . 10 . . . . . . . . . . . . . . . . . Parts Built 4 | . . . . . . . 4 . . . . . . . . . . . . . . . . . . . . Authchips 1 | . . . . . . . 1 . . . . . . . . . . . . . . . . . . . . Time 124 | . . . . . . . 124 . . . . . . . . . . . . . . . . . . . . Total Part Build Rating 8 | . . . . . . . 8 . . . . . . . . . . . . . . . . . . . . Parts Repaired . | . . . . . . . . . . . . . . . . . . . . . . . . . . . . Time . | . . . . . . . . . . . . . . . . . . . . . . . . . . . . Parts Recycled . | . . . . . . . . . . . . . . . . . . . . . . . . . . . . Recycled Matter . | . . . . . . . . . . . . . . . . . . . . . . . . . . . . Retrieved Matter . | . . . . . . . . . . . . . . . . . . . . . . . . . . . . Retrieved Components 6 | . . . . . . . 3 . . . . 3 . . . . . . . . . . . . . . . Parts Scanalyzed . | . . . . . . . . . . . . . . . . . . . . . . . . . . . . Part Schematics Acquired . | . . . . . . . . . . . . . . . . . . . . . . . . . . . . Parts Damaged . | . . . . . . . . . . . . . . . . . . . . . . . . . . . . Bothacking | -11 -10 -9 -9 -9 -8 -8 -7 -7 -7 -7 -6 -6 -6 -6 -6 -6 -5 -5 -5 -5 -4 -4 -3 -3 -2 -1 -1 ------------ Run | Yrd Mat Mat Min Exi Min Mat Fac Low Low Dat Pro Fac Ext Cet Arc Hub Fac Upp Upp War Pro Fac Res Arm Res Acc Com Used RIF Installer . | . . . . . . . . . . . . . . . . . . . . . . . . . . . . Robots Hacked . | . . . . . . . . . . . . . . . . . . . . . . . . . . . . Non-combat . | . . . . . . . . . . . . . . . . . . . . . . . . . . . . Combat . | . . . . . . . . . . . . . . . . . . . . . . . . . . . . Robot Hacks Applied . | . . . . . . . . . . . . . . . . . . . . . . . . . . . . Relay Couplers Released 1 | . . . . . . 1 . . . . . . . . . . . . . . . . . . . . . Machine Destruction 1 | . . . . . . 1 . . . . . . . . . . . . . . . . . . . . . Fabnet Peak Effective % . | . . . . . . . . . . . . . . . . . . . . . . . . . . . . Robots Rewired 10 | . . . . . . . . . . . 2 . 4 . . . . . . . . . . 4 . . . Allies Hacked . | . . . . . . . . . . . . . . . . . . . . . . . . . . . . Hacks Repelled . | . . . . . . . . . . . . . . . . . . . . . . . . . . . . Allies | -11 -10 -9 -9 -9 -8 -8 -7 -7 -7 -7 -6 -6 -6 -6 -6 -6 -5 -5 -5 -5 -4 -4 -3 -3 -2 -1 -1 -------- Run | Yrd Mat Mat Min Exi Min Mat Fac Low Low Dat Pro Fac Ext Cet Arc Hub Fac Upp Upp War Pro Fac Res Arm Res Acc Com Total Allies 36 | . . . 2 . . 1 . . . . 3 . 21 5 . . . . . . . . . 4 . . . Largest Group 13 | . . . 2 2 . 1 . . . . 2 2 13 13 12 10 10 . . . . . . 4 2 . . Highest-Rated Group 839 | . . . 41 41 . 10 . . . . 96 68 502 839 680 640 640 . . . . . . 224 112 . . Highest-Rated Ally 159 | . . . 31 31 . 10 . . . . 96 34 159 159 96 96 96 . . . . . . 56 56 . . Total Orders 4 | . . . . . . . . . . . 2 . . 2 . . . . . . . . . . . . . STAY 2 | . . . . . . . . . . . 1 . . 1 . . . . . . . . . . . . . FOLLOW 2 | . . . . . . . . . . . 1 . . 1 . . . . . . . . . . . . . Ally Attacks 238 | . . . 4 . . . . . . . 23 . 64 35 36 50 13 . . . . . . 5 8 . . Total Damage 7329 | . . . 83 . . . . . . . 725 . 1231 939 1044 1722 229 . . . . . . 1035 321 . . Kills 53 | . . . 2 . . . . . . . 7 . 13 7 5 10 4 . . . . . . 4 1 . . Allies Corrupted 7 | . . . . . . . . . . . . . 2 1 . . 4 . . . . . . . . . . Allies Melted 4 | . . . . . . . . . . . 1 . . . . . . . . 2 . . . . 1 . . Intel | -11 -10 -9 -9 -9 -8 -8 -7 -7 -7 -7 -6 -6 -6 -6 -6 -6 -5 -5 -5 -5 -4 -4 -3 -3 -2 -1 -1 ------- Run | Yrd Mat Mat Min Exi Min Mat Fac Low Low Dat Pro Fac Ext Cet Arc Hub Fac Upp Upp War Pro Fac Res Arm Res Acc Com Robot Analysis Total . | . . . . . . . . . . . . . . . . . . . . . . . . . . . . Derelict Logs Recovered 7 | . . . . . . . . 1 . . 1 . . . . . . 2 2 . 1 . . . . . . Drone Launches . | . . . . . . . . . . . . . . . . . . . . . . . . . . . . Drone Recoveries . | . . . . . . . . . . . . . . . . . . . . . . . . . . . . Decoded 0b10 Intel 18 | . . . . . . . . . . . . 8 7 1 1 1 . . . . . . . . . . . Traps 11 | . . . . . . . . . . . . 5 5 . . 1 . . . . . . . . . . . Emergency Access 5 | . . . . . . . . . . . . 3 2 . . . . . . . . . . . . . . Exits 2 | . . . . . . . . . . . . . . 1 1 . . . . . . . . . . . . Exploration | -11 -10 -9 -9 -9 -8 -8 -7 -7 -7 -7 -6 -6 -6 -6 -6 -6 -5 -5 -5 -5 -4 -4 -3 -3 -2 -1 -1 ------------- Run | Yrd Mat Mat Min Exi Min Mat Fac Low Low Dat Pro Fac Ext Cet Arc Hub Fac Upp Upp War Pro Fac Res Arm Res Acc Com Turns Passed 18271 | 135 342 424 257 399 129 1089 1661 724 664 100 2013 671 1420 396 76 346 667 611 525 989 390 189 491 1269 1084 653 557 Spaces Moved 10979 | 77 145 166 145 248 53 397 866 501 406 77 852 625 1313 278 52 320 279 340 317 570 218 98 253 440 1221 415 307 Core 40 | 4 . . . . . . . . . . . . . . . . . . . . . . . . . . 36 Treads 4021 | . 14 166 145 248 53 397 519 . . . . . . . . 13 279 340 317 570 218 98 253 391 . . . Legs 3256 | 73 131 . . . . . 347 501 406 77 851 12 . . . . . . . . . . . . 180 415 263 Wheels 91 | . . . . . . . . . . . . . . . . . . . . . . . . 49 42 . . Hover 3563 | . . . . . . . . . . . 1 613 1313 278 52 307 . . . . . . . . 999 . . Flight 8 | . . . . . . . . . . . . . . . . . . . . . . . . . . . 8 Fastest Speed 50 | 50 120 145 160 160 160 152 130 130 130 130 127 52 52 56 56 56 160 160 160 160 160 160 160 110 60 113 50 Average Speed 122 | 117 123 154 160 160 160 152 145 130 131 130 203 79 55 56 56 71 160 160 160 160 160 160 160 152 73 113 109 Slowest Speed 600 | 120 160 160 160 160 160 152 305 130 200 130 440 260 56 56 56 160 160 160 160 160 160 160 160 165 113 113 600 Overloaded Moves . | . . . . . . . . . . . . . . . . . . . . . . . . . . . . Propulsion Burnouts . | . . . . . . . . . . . . . . . . . . . . . . . . . . . . Robots Hopped . | . . . . . . . . . . . . . . . . . . . . . . . . . . . . Cave-ins Triggered . | . . . . . . . . . . . . . . . . . . . . . . . . . . . . Exploration Rate (%) 40 | 4 33 21 34 65 15 43 29 61 59 68 65 17 86 75 72 43 6 56 56 76 49 2 10 36 20 9 16 Regions Visited 27 Branch Regions 17 Pre-discovered Areas 3 | . . . . 1 . . . . . 1 . . . . . . . . . 1 . . . . . . . Known Exits Taken 14 | . . 1 . . . . . . . . . 1 . 1 1 1 1 . 1 1 1 1 1 1 1 1 . Unknown Exits Taken 13 | 1 1 . 1 1 1 1 1 1 1 1 1 . 1 . . . . 1 . . . . . . . . . Scrap Searched 13 | . . . 2 . . . . 5 1 . 3 . . . . . . 1 . . 1 . . . . . . Spaces Dug 42 | . . . . . . . . 10 . . 17 . . . . . . . . . . . 4 5 . 6 . Terrain Destroyed 1394 | 5 . . . . . 7 4 131 61 . 88 182 395 99 . 25 5 2 . 22 32 40 62 184 . 39 11 Melee 15 | . . . . . . . . 10 . . . . . . . . . . . . . . . 5 . . . Projectile 57 | . . . . . . . . . . . . . . . . . 5 2 . . . . 4 13 . 22 11 AOE 1322 | 5 . . . . . 7 4 121 61 . 88 182 395 99 . 25 . . . 22 32 40 58 166 . 17 . Terrain Rammed . | . . . . . . . . . . . . . . . . . . . . . . . . . . . . Walls Destroyed . | . . . . . . . . . . . . . . . . . . . . . . . . . . . . Machines Disabled . | . . . . . . . . . . . . . . . . . . . . . . . . . . . . Actions | -11 -10 -9 -9 -9 -8 -8 -7 -7 -7 -7 -6 -6 -6 -6 -6 -6 -5 -5 -5 -5 -4 -4 -3 -3 -2 -1 -1 --------- Run | Yrd Mat Mat Min Exi Min Mat Fac Low Low Dat Pro Fac Ext Cet Arc Hub Fac Upp Upp War Pro Fac Res Arm Res Acc Com Total 14690 | 96 249 248 162 251 92 824 1217 542 500 78 1064 774 1908 490 90 429 440 393 333 647 240 121 328 792 1403 534 445 Wait 2207 | . 50 9 . . 29 361 227 11 59 . 103 100 439 167 33 69 98 38 16 34 7 8 55 126 71 57 40 Move 10952 | 76 144 165 144 247 52 396 865 500 405 76 851 624 1312 277 51 319 278 339 316 569 217 97 252 439 1220 414 307 Hop . | . . . . . . . . . . . . . . . . . . . . . . . . . . . . Pick Up 151 | 1 8 6 4 . 1 6 21 . 4 . 13 7 3 13 1 4 4 1 . 8 . 2 5 10 18 7 4 Fast Attach 145 | 7 5 3 2 1 . 7 12 2 2 . 7 6 3 1 . 2 4 1 . 10 . . 1 22 27 2 18 Attach 116 | . 1 8 2 . 3 4 10 4 4 . 12 4 5 2 . 10 3 1 . 2 . 4 4 11 11 2 9 Detach 44 | . . . . 2 1 . 3 3 2 2 4 1 4 . . 1 1 4 . 5 . 1 1 . 7 1 1 Swap 45 | . 3 3 . . . 3 5 1 1 . 1 2 1 4 . . 5 2 . 1 . . . 5 1 5 2 Drop 184 | . 8 9 5 1 1 5 28 1 1 . 14 9 5 12 1 8 1 . . 14 . 1 2 8 34 12 4 Fire 633 | 12 30 45 5 . 5 42 29 9 16 . 48 21 80 6 4 5 40 7 1 4 16 8 8 114 4 34 40 Melee 94 | . . . . . . . 5 10 . . . . 2 8 . . 6 . . . . . . 41 9 . 13 Ram 5 | . . . . . . . . . . . . . . . . . . . . . . . . . . . 5 Kick 2 | . . . . . . . . . . . . . . . . . . . . . . . . . . . 2 Crush 1 | . . . . . . . . . . . . . . . . . . . . . . . . 1 . . . Escape Stasis 10 | . . . . . . . . . . . . . . . . 10 . . . . . . . . . . . Rewire 80 | . . . . . . . . . . . 11 . 54 . . 1 . . . . . . . 14 . . . Trap 21 | . . . . . . . 12 1 6 . . . . . . . . . . . . . . 1 1 . . Miscellaneous . | . . . . . . . . . . . . . . . . . . . . . . . . . . . . Route ------- -11/Scrapyard -10/Materials -9/Materials (discovered 4 exits: *Min x2 / Sto x2) -9/Mines (discovered 2 exits: *Mat / *Exi) -9/Exiles -8/Mines -8/Materials -7/Factory -7/Lower Caves -7/Lower Caves (discovered 2 exits: *Fac / *Dat) -7/Data Miner -6/Proximity Caves -6/Factory (discovered 2 exits: *Ext x2) -6/Extension (discovered 3 exits: *Fac x2 / *Cet) -6/Cetus (discovered 2 exits: *Fac / *Arc) -6/Archives (discovered 2 exits: *Hub x2) -6/Hub_04(d) -5/Factory -5/Upper Caves -5/Upper Caves (discovered 2 exits: Fac / *War) -5/Warlord -4/Proximity Caves -4/Factory (discovered 2 exits: *Res x2) -3/Research (discovered 2 exits: *Arm / Tes) -3/Armory (discovered 2 exits: *Res / Lab) -2/Research -1/Access -1/Command History --------- Turn | Location | Event 10 | -11/Scrapyard | Discovered new exit (range 15) 136 | -11/Scrapyard | Entered Materials 309 | -10/Materials | Build established: Mutant 467 | -10/Materials | Discovered new exit (range 10) 478 | -10/Materials | Entered another Materials area 478 | -9/Materials | Evolved 2 slots: Utility x2 592 | -9/Materials | Identified exit to Mines 592 | -9/Materials | Identified exit to Storage 809 | -9/Materials | Lost 4 parts (2u2w) 902 | -9/Materials | Entered Mines 960 | -9/Mines | Discovered new exit (range 9) 1060 | -9/Mines | Met a Derelict shopkeep closing up shop 1153 | -9/Mines | Deemed a non-threat by the Exiles lab entrance 1153 | -9/Mines | Discovered new exit (range 5) 1159 | -9/Mines | Entered Exiles 1159 | -9/Exiles | Accompanied by 2 allies 1189 | -9/Exiles | Led the pair of lost Derelicts to a safe place 1199 | -9/Exiles | Met 8R-AWN 1228 | -9/Exiles | Met EX-HEX 1332 | -9/Exiles | Met EX-BIN 1351 | -9/Exiles | Aligned with FarCom system 1352 | -9/Exiles | Given EX-Vault access code 1389 | -9/Exiles | Opened EX-Vault 1401 | -9/Exiles | Found Trap Reconfigurator 1436 | -9/Exiles | Warned to stay clear of 0b10 Research branches 1479 | -9/Exiles | Met EX-DEC 1487 | -9/Exiles | Learned location of Zion (-6) 1538 | -9/Exiles | Discovered new exit (range 14) 1558 | -9/Exiles | Left Exiles lab with Trap Reconfigurator 1558 | -9/Exiles | Entered Mines 1676 | -8/Mines | Discovered new exit (range 6) 1687 | -8/Mines | Entered Materials 1687 | -8/Materials | Evolved 2 slots: Propulsion x2 2535 | -8/Materials | System corruption reached 10% 2565 | -8/Materials | Lost 4 parts (1p3u) 2652 | -8/Materials | Discovered new exit (range 14) 2776 | -8/Materials | Entered Factory 2776 | -7/Factory | Evolved 2 slots: Power x1, Utility x1 2919 | -7/Factory | Fabricated Trap Extractor (x2) 3544 | -7/Factory | Lost 3 parts (3n) 4067 | -7/Factory | Build established: Trapper-Assassin 4366 | -7/Factory | Fabricated Trap Extractor (x2) 4420 | -7/Factory | Discovered new exit (range 11) 4437 | -7/Factory | Entered Lower Caves 4439 | -7/Lower Caves | Learned location of 1 exit from Factory 4600 | -7/Lower Caves | Build established: Mutant 4650 | -7/Lower Caves | Found Alien Artifact 4650 | -7/Lower Caves | Identified Core Expander 4650 | -7/Lower Caves | Installed Core Expander, added new Weapon slot 5107 | -7/Lower Caves | Encountered a Warlord checkpoint 5132 | -7/Lower Caves | Discovered new exit (range 10) 5161 | -7/Lower Caves | Entered another Lower Caves area 5262 | -7/Lower Caves | Discovered new exit (range 9) 5339 | -7/Lower Caves | Spotted B-75 Beast 5554 | -7/Lower Caves | Destroyed B-75 Beast 5716 | -7/Lower Caves | Build established: Bomber 5811 | -7/Lower Caves | Discovered new exit (range 12) 5825 | -7/Lower Caves | Entered Data Miner 5826 | -7/Data Miner | Discovered new exit (range 6) 5851 | -7/Data Miner | Met Data Miner 5873 | -7/Data Miner | Learned location of Section 7 (-2) 5873 | -7/Data Miner | Acquired the access code to Warlord's prototype stash 5895 | -7/Data Miner | Received God Mode back door access code from Data Miner 5925 | -7/Data Miner | Entered Proximity Caves 6058 | -6/Proximity Caves | Spotted B-75 Beast 6060 | -6/Proximity Caves | Escorted by Enhanced Grunt 6087 | -6/Proximity Caves | Received a Behemoth hack from an annoying Tinkerer 6115 | -6/Proximity Caves | Build established: Mutant 6658 | -6/Proximity Caves | Lost 4 parts (2n2w) 7262 | -6/Proximity Caves | Discovered new exit (range 15) 7771 | -6/Proximity Caves | Found Prototype Launcher 7774 | -6/Proximity Caves | Identified Tesla Bomb Launcher 7788 | -6/Proximity Caves | Found Prototype Launcher 7791 | -6/Proximity Caves | Identified Rocket Array 7841 | -6/Proximity Caves | Found Tesla Bomb Launcher 7845 | -6/Proximity Caves | Found Tesla Bomb Launcher 7936 | -6/Proximity Caves | System corruption reached 10% 7938 | -6/Proximity Caves | Entered Factory 7938 | -6/Factory | Accompanied by 2 allies 7938 | -6/Factory | Evolved 2 slots: Propulsion x2 7939 | -6/Factory | Identified exit to Extension 8229 | -6/Factory | Build established: Scavenger-Skirmisher 8609 | -6/Factory | Entered Extension 8615 | -6/Extension | Disrupted transfer network 8632 | -6/Extension | Rescued a captive Derelict 8662 | -6/Extension | Rescued a captive Derelict 8771 | -6/Extension | Rescued a captive Derelict 8771 | -6/Extension | Rescued a captive Derelict 8814 | -6/Extension | Rescued a captive Derelict 8814 | -6/Extension | Rescued a captive Derelict 8894 | -6/Extension | Destroyed B-75 Beast 8959 | -6/Extension | First assault squad dispatched 9032 | -6/Extension | Destroyed B-75 Beast 9188 | -6/Extension | Discovered new exit (range 4) 9202 | -6/Extension | Rescued a captive Derelict 9204 | -6/Extension | Rescued a captive Derelict 9218 | -6/Extension | Rescued a captive Derelict 9218 | -6/Extension | Rescued a captive Derelict 9219 | -6/Extension | Rescued a captive Derelict 9220 | -6/Extension | Rescued a captive Derelict 9305 | -6/Extension | Rescued a captive Derelict 9356 | -6/Extension | Build established: Scavenger-Mutant 9370 | -6/Extension | Rescued a captive Derelict 9374 | -6/Extension | Rescued a captive Derelict 9434 | -6/Extension | Rescued a captive Derelict 9436 | -6/Extension | Rescued a captive Derelict 9516 | -6/Extension | Discovered new exit (range 10) 9517 | -6/Extension | Discovered new exit (range 6) 9745 | -6/Extension | Rescued A7 10029 | -6/Extension | Entered Cetus 10029 | -6/Cetus | Accompanied by 13 allies (A7) 10034 | -6/Cetus | Acquired a Cetus Manufacturing Module code from A7 10038 | -6/Cetus | Spotted Cetus Guard 10038 | -6/Cetus | Spotted Cetus Guard 10040 | -6/Cetus | Allies destroyed Cetus Guard 10040 | -6/Cetus | Spotted Cetus Guard 10042 | -6/Cetus | Destroyed Cetus Guard 10042 | -6/Cetus | Spotted Cetus Guard 10045 | -6/Cetus | Destroyed Cetus Guard 10046 | -6/Cetus | Allies destroyed Cetus Guard 10077 | -6/Cetus | Lost 3 allies 10098 | -6/Cetus | Started Cetus Manufacturing Module 10123 | -6/Cetus | Manufactured an Enhanced Grunt 10148 | -6/Cetus | Manufactured an Enhanced Grunt 10173 | -6/Cetus | Manufactured an Enhanced Grunt 10198 | -6/Cetus | Manufactured an Enhanced Grunt 10223 | -6/Cetus | Manufactured an Enhanced Grunt 10243 | -6/Cetus | Discovered new exit (range 15) 10263 | -6/Cetus | Spotted Cetus Guard 10263 | -6/Cetus | Spotted Cetus Guard 10263 | -6/Cetus | Spotted Cetus Guard 10267 | -6/Cetus | Spotted Cetus Guard 10273 | -6/Cetus | Destroyed Cetus Guard 10273 | -6/Cetus | Destroyed Cetus Guard 10274 | -6/Cetus | Destroyed Cetus Guard 10277 | -6/Cetus | Destroyed Cetus Guard 10280 | -6/Cetus | Identified exit to Factory 10285 | -6/Cetus | Met Revision 17 10325 | -6/Cetus | Murdered A7 10325 | -6/Cetus | Destroyed A7 10327 | -6/Cetus | Extracted ID and sensor layout for unrecognized location from A7's data core 10354 | -6/Cetus | Identified exit to Archives 10425 | -6/Cetus | Entered Archives 10425 | -6/Archives | Accompanied by 12 allies 10445 | -6/Archives | Identified exit to Hub_04(d) 10460 | -6/Archives | Discovered exit to Hub_04(d) (range 14) 10501 | -6/Archives | Entered Hub_04(d) 10501 | -6/Hub_04(d) | Accompanied by 10 allies 10616 | -6/Hub_04(d) | Build established: Commander-Skirmisher 10698 | -6/Hub_04(d) | Discovered exit to Factory (range 5) 10801 | -6/Hub_04(d) | System corruption reached 10% 10835 | -6/Hub_04(d) | System corruption reached 30% 10847 | -6/Hub_04(d) | Entered Factory 10847 | -5/Factory | Accompanied by 10 allies 10847 | -5/Factory | Evolved 2 slots: Utility x2 10958 | -5/Factory | Lost 8 allies 11102 | -5/Factory | Build established: Scavenger-Bomber 11147 | -5/Factory | First assault squad dispatched 11291 | -5/Factory | Destroyed 9 combat bots 11506 | -5/Factory | Discovered new exit (range 4) 11512 | -5/Factory | Identified exit to Upper Caves 11514 | -5/Factory | Entered Upper Caves 11556 | -5/Upper Caves | Attracted the attention of an 0b10 checkpoint 11905 | -5/Upper Caves | Acquired the password to a Derelict Tinkerer's latest research 11917 | -5/Upper Caves | Found Prototype Special Weapon 11917 | -5/Upper Caves | Identified Molecular Deconstructor 11973 | -5/Upper Caves | Learned location of 1 exit from Factory 12035 | -5/Upper Caves | Learned Factory stockpile data 12121 | -5/Upper Caves | Discovered new exit (range 2) 12125 | -5/Upper Caves | Entered another Upper Caves area 12579 | -5/Upper Caves | Identified exit to Factory 12616 | -5/Upper Caves | Identified exit to Warlord 12650 | -5/Upper Caves | Entered Warlord 12703 | -5/Warlord | System corruption cleaned by Quarantine Array 12981 | -5/Warlord | Found Prototype Special Weapon 12981 | -5/Warlord | Identified RU-N14's Throwing Claymores v3 12984 | -5/Warlord | Found RU-N14's Throwing Claymores v3 12987 | -5/Warlord | Found RU-N14's Throwing Claymores v3 12989 | -5/Warlord | Found RU-N14's Throwing Claymores v3 12992 | -5/Warlord | Found RU-N14's Throwing Claymores v3 12996 | -5/Warlord | Found RU-N14's Throwing Claymores v3 13077 | -5/Warlord | Learned 4 Armory zone layouts 13077 | -5/Warlord | Learned 4 Research zone layouts 13080 | -5/Warlord | Learned Factory terminal intel 13080 | -5/Warlord | Learned Factory recycling unit intel 13118 | -5/Warlord | Visited the Vortex Lab 13123 | -5/Warlord | Warlord's base attacked by MAIN.C 13132 | -5/Warlord | Found Prototype Piercing Weapon 13132 | -5/Warlord | Identified Vortex Lance 13135 | -5/Warlord | Found Vortex Lance 13330 | -5/Warlord | Met Warlord 13352 | -5/Warlord | Opened Warlord's prototype stash 13359 | -5/Warlord | Found Prototype Reactor 13359 | -5/Warlord | Identified Vortex Chain Reactor 13371 | -5/Warlord | Found Prototype Device 13371 | -5/Warlord | Identified Thermal Barrier 13378 | -5/Warlord | Found Prototype Hackware 13378 | -5/Warlord | Identified System Mapper 13444 | -5/Warlord | Build established: Scavenger-Mutant 13473 | -5/Warlord | Warlord forces counterattacked 13506 | -5/Warlord | Spotted Striker 13537 | -5/Warlord | Spotted Striker 13555 | -5/Warlord | P-70 Sage assimilated allied IW-SQR(g) 13557 | -5/Warlord | P-70 Sage assimilated allied AM-FIY(g) 13558 | -5/Warlord | Spotted Striker 13560 | -5/Warlord | Destroyed Striker 13570 | -5/Warlord | Spotted Executioner 13614 | -5/Warlord | Lost 9 allies 13614 | -5/Warlord | Discovered new exit (range 15) 13637 | -5/Warlord | Identified exit to Proximity Caves 13639 | -5/Warlord | Entered Proximity Caves 13984 | -4/Proximity Caves | Discovered exit to Factory (range 10) 13985 | -4/Proximity Caves | Attracted the attention of an 0b10 checkpoint 14029 | -4/Proximity Caves | Entered Factory 14029 | -4/Factory | Evolved 2 slots: Utility x2 14030 | -4/Factory | Identified exit to Research 14032 | -4/Factory | Loaded intel: 26 terminal locations 14033 | -4/Factory | Loaded intel: 6 recycling unit locations 14164 | -4/Factory | Discovered exit to Research (range 9) 14217 | -4/Factory | System corruption reached 10% 14218 | -4/Factory | Entered Research 14218 | -3/Research | Evolved 2 slots: Power x1, Utility x1 14219 | -3/Research | Identified exit to Armory 14219 | -3/Research | Identified exit to Testing 14418 | -3/Research | Revision forces began assault on 0b10 14634 | -3/Research | Met up with Revision 17++ 14709 | -3/Research | Entered Armory 14710 | -3/Armory | Identified exit to Research 14710 | -3/Armory | Identified exit to Lab 14831 | -3/Armory | Build established: Scavenger-Bomber 14987 | -3/Armory | Destroyed 14 combat bots 15051 | -3/Armory | Destroyed 7 combat bots 15067 | -3/Armory | System corruption reached 10% 15248 | -3/Armory | Lost 4 parts (1p3u) 15522 | -3/Armory | Lost 4 parts (1n1u2w) 15781 | -3/Armory | Build established: Hacker-Mutant 15798 | -3/Armory | Lost 3 parts (2u1w) 15890 | -3/Armory | Lost 4 parts (1p1n1u1w) 15959 | -3/Armory | First assault squad dispatched 15978 | -3/Armory | Entered Research 15978 | -2/Research | Accompanied by 2 allies 15978 | -2/Research | Warlord forces began assault on 0b10 15978 | -2/Research | Evolved 2 slots: Utility x2 16016 | -2/Research | Met up with Warlord 16088 | -2/Research | Research machine network offline 16409 | -2/Research | Discovered new exit (range 15) 16417 | -2/Research | Identified exit to Access 16429 | -2/Research | Borebot progress halted 16582 | -2/Research | Spotted Striker 16631 | -2/Research | Lost 5 allies 16647 | -2/Research | Borebot progress halted 16654 | -2/Research | Borebot progress halted 16682 | -2/Research | Spotted Striker 16789 | -2/Research | Lost 3 allies 16802 | -2/Research | Spotted Executioner 16835 | -2/Research | Found Prototype Processor 16835 | -2/Research | Identified Exp. Core Analyzer 16838 | -2/Research | Found Prototype Processor 16838 | -2/Research | Identified Exp. Targeting Computer 16863 | -2/Research | Lost 4 allies 16878 | -2/Research | Build established: Scavenger-Mutant 17010 | -2/Research | Spotted Striker 17012 | -2/Research | Warlord invited to help at Command 17062 | -2/Research | Entered Access 17062 | -1/Access | Evolved 2 slots: Power x1, Utility x1 17069 | -1/Access | Energy Cycler disabled 17707 | -1/Access | Discovered new exit (range 8) 17714 | -1/Access | Identified exit to Command 17715 | -1/Access | Entered Command 17809 | -1/Command | Spotted B-99 Colossus 17812 | -1/Command | Spotted Alpha 7 17812 | -1/Command | Destroyed Alpha 7 17815 | -1/Command | Spotted Striker 17820 | -1/Command | Destroyed Striker 17830 | -1/Command | Spotted Executioner 17837 | -1/Command | Spotted Executioner 17842 | -1/Command | Destroyed Executioner 17848 | -1/Command | Destroyed Executioner 17855 | -1/Command | Spotted B-99 Colossus 17869 | -1/Command | Spotted Striker 17931 | -1/Command | Lost 16 parts (3p2n8u3w) 17992 | -1/Command | First assault squad dispatched 18051 | -1/Command | System corruption reached 10% 18109 | -1/Command | Core integrity fell below 50% 18162 | -1/Command | Lost 10 parts (3p2n3u2w) 18229 | -1/Command | Core integrity fell below 20% 18271 | -1/Command | Lost 5 parts (3n2u) 18272 | -1/Command | Destroyed by S-43 Plague with Heavy Machine Gun Last Messages --------------- 18215_ Acquired Impulse Thruster. 18220_ Impulse Thruster destroyed. 18221_ P 3QEBT=BZ=7CHW8 /3AASLJK8FIT 18222_ Slammed into S-43 Plague. 18232_ Connecting with Cave Seal Controls... 18232_ ALERT: Suspicious activity at Terminal C014. Dispatching Investigation squad. 18233_ Slammed into S-43 Plague. 18237_ Centrium Leg destroyed. 18240_ Penetrated by Slug. 18240_ Broken Adv. Target Analyzer destroyed. 18243_ System corrupted: Energy discharge (-223). 18244_ Kicked S-43 Plague. 18251_ Slug penetrates Wall. 18260_ Slug penetrates S-43 Plague. 18260_ Slug penetrates Wall. 18265_ Slug penetrates S-43 Plague. 18266_ System corrupted: Matter fused (-7). 18271_ Slug penetrates Wall. Map ----- +----------------------------------------------------+ | ????????????????????# ## = / ??????????????? | | ????????????????????# ## # ??????????? | | ????????????????????# ## #? "" ??????? | | ????????????????????# #########?? """"? ?????? | | ????????????????????# #???????????""""??????????? | | ????????????????????# #????????????""???????????? | | ????????????????????# ########??????????????????? | | ????????????????????# # #??????????????????? | | ????????????????????# # """ #??????????????????? | | ????????????????????# # """T #??????????????????? | | ????????????????????# # """" #??????????????????? | | ????????????????????# # """ #??????????????????? | | ????????????????????# # b #??????????????????? | | ????????????????????# ##/##########s#???????????? | | ????????????????????#h sss#??????????? | | ????????????????????# +s?????????? | | ????????????????????# ###############???????????? | | ????????????????????# #?????????????????????????? | | ????????????????????# h########## #???????????? | | ????????????????????# l "T?????????????? | | ????????????????????# ""?????????????? | | ??????????????????###p########### #???????????? | | ??????????????????# ss s #??????????????????????? | | ??????????????????# ss #????????????#?????????? | | ??????????????????# ! #???????? #?## ###?????? | | ??????????????????# @#???????? ??? | | ??????????????????# #??????? ??# | | ??????????????????# #??????? #?# | | ??????????????????# !!!#??????# ### | | ??????????????????# !!p#??????+ ##" | | ??????????????????# !! +??????# | | ??????????????????# #??????# | | ??????????????????# #?????????###+## | | ??????????????????#########??????????????# | | ?????????????????????????????????????????# ^ | | ?????????????????????????????????????????# "" | | ?????????????????????????????????????????# """ | | ?????????????????????????????????????????# """" | | ?????????????????????????????????????????# ^ "" | | ?????????????????????????????????????????# | | ?????????????????????????????????????????# | | ?????????????????????????????????####????# | | ?????????????????????????????????# ???# | | ?????????????????????????????????# ???# ^ | | ?????????????????????????????????# ??# | | ?????????????????????????????????# ??# ^ | | ?????????????????????????????????+ ! ?# % | | ?????????????????????????????????# ?# | | ?????????????????????????????????# #% | | ?????????????????????????????????# # | +----------------------------------------------------+ Best States ------------- Heat Dissipation 103 Coolant Potential 100 Energy Generation 122 Energy Capacity 1000 Matter Stores 300 Matter Capacity 300 Sight Range 20 Terrain Scan Density 10 Jamming Range 14 Power Amplification 40 EM Shielding 2 Armor Coverage 1800 Resistance: TH 50 Resistance: EX 25 Phase Shifting 15 Evasion (%) 81 Targeting Accuracy 12 Launcher Accuracy 40 Target Analysis 12 Core Analysis 8 Recoil Reduction 6 Offensive Hacking 20 Authchip Count 1 Trap Extractor Capacity 4 Item Schematics ----------------- Trap Extractor | -9/Materials | Hacked Combat Drone Bay | -7/Data Miner | Free Lgt. Regenerative Plating | -7/Data Miner | Free Cld. Cesium-ion Thruster | -7/Data Miner | Free Thermal Defense Suite | -7/Data Miner | Free Imp. Heavy Laser | -7/Data Miner | Free Linear Gravjet | -7/Data Miner | Free Imp. Weapon Cycler | -7/Data Miner | Free Variable Charge Gun | -7/Data Miner | Free Energy Well | -7/Data Miner | Free Adv. Drone Bay | -7/Data Miner | Free Robot Schematics ------------------ B-48 Gladiator | -7/Data Miner | Free E-15 Imp | -7/Data Miner | Free M-14 Sweeper | -7/Data Miner | Free G-47 Trooper | -7/Data Miner | Free A-15 Conveyor | -7/Data Miner | Free Fabricated ------------ Trap Extractor | x2 | -7/Factory Trap Extractor | x2 | -7/Factory | Authchip Alien Tech Used ----------------- Core Expander Achievements -------------- Just Shoot The Terminal Challenges ------------ None Game ------ Seed MeleeWardroneSubcomponent Manual? 0 Play Time 03:35:49 Cumulative 247.9 hours Start 2024.06.13 @ 17:08:35 End 2024.06.13 @ 22:09:53 Sessions 1 Manual Loads 0 Difficulty Rogue Special Mode None Game No. 241 Rogue 236 Adventurer 5 Explorer 0 Win Type - Total 4 Types 3/0/0/1/0/0/0/0/0 Lore% 62 Gallery% 81 Achievement% 63 Wizard Run 0 Options --------- Layout 2 ASCII 0 Keyboard 0 Movement Arrows Keybinds 0 Fullscreen 1 Font 24/Terminus Map View 50x44 Zoom Use 0% Tactical HUD 1 Map Filters NONE Filters NONE Steam 1 RUN: 1b7b7ef9-e77e-4aa2-8df5-f2a01adba1b2